 Dungeon Crawl Stone Soup version 0.25.1-8-g42b30a86e7 (webtiles) character file.

Game seed: 10387750468860406333

356 hawla the Conjurer (level 6, -19/67 HPs)
             Began as a Draconian Conjurer on Dec 7, 2020.
             Engulfed by a cloud of flame (27 damage)
             ... on level 4 of the Dungeon.
             The game lasted 00:09:09 (3444 turns).

hawla the Conjurer (Draconian Conjurer)             Turns: 3444, Time: 00:09:10

Health: -19/67     AC: 23    Str: 11    XL:     6   Next: 36%
Magic:  1/21       EV:  2    Int: 23    God:
Gold:   271        SH:  0    Dex: 11    Spells: 6/13 levels left

rFire    . . .     SeeInvis .   (no weapon)
rCold    . . .     Gourm    .   (no shield)
rNeg     + + +     Faith    .   (armour unavailable)
rPois    +         Spirit   .   (helmet currently unavailable)
rElec    .         Reflect  .   (cloak currently unavailable)
rCorr    .         Harm     .   (gloves currently unavailable)
MR       .....     NoTele   +   (boots currently unavailable)
Stlth    ++........             (no amulet)
HPRegen  0.21/turn              y - ring of magical power
MPRegen  0.17/turn              p - +6 ring of intelligence

@: tree-form, berserk cooldown, very slightly contaminated, slowed, invisible,
very slow
A: unfitting armour, AC +6
a: no special abilities


You were on level 4 of the Dungeon.
You were not hungry.
You were a tree.
You visited 1 branch of the dungeon, and saw 4 of its levels.

You collected 271 gold pieces.

Inventory:

Missiles
 d - 23 poisoned darts (quivered)
Armour
 w - a scarf of repulsion (melded)
Jewellery
 a - an uncursed ring of wizardry
 c - an uncursed ring of poison resistance
 p - a +6 ring of intelligence (right branch)
 u - an uncursed ring of protection from cold
 y - a ring of magical power (left branch)
Scrolls
 f - a scroll of teleportation
 h - a scroll of fog
 l - a scroll of remove curse
 m - 3 scrolls of identify
 o - a scroll of magic mapping
 q - a scroll of fear {unknown}
 r - a scroll of blinking {unknown}
 t - a scroll of random uselessness {unknown}
Potions
 e - a potion of lignification
 g - a potion of haste
 j - a potion of invisibility
 k - a potion of might {unknown}
 n - 2 potions of flight {unknown}
 v - 2 potions of curing {unknown}
 x - a potion of brilliance {unknown}
Comestibles
 b - 8 rations
 z - 2 chunks of flesh


   Skills:
 - Level 1.7 Dodging
 - Level 1.7 Stealth
 + Level 4.2 Spellcasting
 - Level 4.8 Conjurations
 * Level 4.0 Translocations


You had 6 spell levels left.
You knew the following spells:

 Your Spells              Type           Power        Failure   Level  Hunger
a - Magic Dart            Conj           ####         1%          1    None
b - Searing Ray           Conj           ####..       1%          2    #......
c - Iskenderun's Mystic   Conj/Tloc      ####....     16%         4    ####...

Your spell library contained the following spells:

 Spells                   Type           Power        Failure   Level  Hunger
 Dazzling Flash           Conj/Hex       ###...       11%         3    ##.....
 Fulminant Prism          Conj/Hex       ###.......   36%         4    ####...


Dungeon Overview and Level Annotations

Branches:
Dungeon (4/15)
 Temple: D:4-7

Altars:
Dithmenos

Annotations:
D:3 1 runed translucent door, SpoonFarmer's ghost, amateur MiFi


Innate Abilities, Weirdness & Mutations

((Your plain brown scales are hard. (AC +6)))
You cannot fit into any form of body armour.
((You are cold-blooded and may be slowed by cold attacks.))


Message History

You are engulfed in blazing flames.
You are no longer berserk.
You are exhausted.
You feel yourself slow down.
Casting: Magic Dart (safe; 1% risk of failure)
Confirm with . or Enter, or press ? or * to list all spells.
Aiming: Searing Ray (safe; 1% risk of failure)
Press: ? - help, Shift-Dir - straight line, f - quokka
Aim: a quokka (inner flame)
The searing ray hits the quokka!
The quokka explodes! (Press . to maintain the ray.)
You are engulfed in blazing flames.
* * * LOW HITPOINT WARNING * * *
Unknown command.
You are engulfed in blazing flames.
* * * LOW HITPOINT WARNING * * *
It was a potion of invisibility.
You fade into invisibility!
You die...

,,,,##..†........)......#### #.
,,,,#.)...................<#####.
......s#..............##......##.
.....###..............#####......
....,* #.......o..%..#* ####...
...,,* #.....○☼§....#* ###.
..,,,* ##%...§§☼○...# #### #.
.,,,,* ##....§☼.☼s..####..# ##.
,,,,,*##.....§§§♣....##...# ##..
,,,,,#.......§§§...%.#....# ##...
,,,,..........§§%.........###....
,,,.............#####.....##.....
,,,.....######### ##.>......#...
,,,...##* ##......##..... ,,,,.#*
*#.......##..... ,,,,**
#..##....###.... ,,,**
*#.##....##*##...


You could see an orc (inner flame) and a giant cockroach (inner flame).

Vanquished Creatures
  A crimson imp (D:4)
  2 hounds (D:4)
  2 orc priests (D:4)
  An orc wizard (D:4)
  2 worker ants (D:4)
  6 adders
  A shadow imp (D:4)
  An ooze (D:4)
  A worm (D:2)
  2 dart slugs (D:2)
  6 orcs (D:4)
  6 bats
  4 goblins
  5 hobgoblins
  4 jackals (D:4)
  4 kobolds
  3 quokkas
  3 ball pythons
  2 frilled lizards
  6 rats
62 creatures vanquished.

Notes
Turn   | Place    | Note
-------+----------+-------------------------------------------
     0 | D:1      | hawla the Draconian Conjurer began the quest for the Orb.
     0 | D:1      | Reached XP level 1. HP: 14/14 MP: 3/3
   395 | D:1      | Reached XP level 2. HP: 20/20 MP: 3/5
   399 | D:1      | Learned a level 2 spell: Searing Ray
  1057 | D:2      | Found a shadowy altar of Dithmenos.
  1181 | D:2      | Reached XP level 3. HP: 26/26 MP: 0/7
  1888 | D:2      | Reached XP level 4. HP: 33/33 MP: 3/8
  1894 | D:2      | Learned a level 4 spell: Iskenderun's Mystic Blast
  2566 | D:3      | Found a runed translucent door.
  2566 | D:3      | Noticed SpoonFarmer's ghost (amateur MiFi)
  2664 | D:3      | Reached skill level 1 in Translocations
  2809 | D:4      | Reached XP level 5. HP: 38/38 MP: 5/10
  3422 | D:4      | Reached XP level 6. HP: 44/45 MP: 12/12
  3444 | D:4      | Engulfed by a cloud of flame

Illustrated notes

Levels and vault maps discovered:
D:1:      giann_wishing_wells, layout_loops_cross
D:2:      layout_basic, nicolae_dithmenos_through_a_glass_darkly, minmay_3d_cube
D:3:      layout_rooms, ebering_ghost_inner_flame, first_ration, minivault_23,
          dk_noncrumbling_3, serial_bayou_pond_a
D:4:      layout_cave_pods, serial_park, serial_park_avenue1,
          serial_park_square1 [serial_park_minivault_5x5_3],
          minmay_ruined_shrine

Skill      XL: |  1  2  3  4  5  6 |
---------------+-------------------+-----
Spellcasting   | 3 4 |  4.2
Translocations | 1 3 4 |  4.0
Dodging        | |  1.7
Stealth        | |  1.7
Conjurations   | |  4.8

Action                   |  1- 3 |  4- 6 || total
-------------------------+-------+-------++-------
Melee: Unarmed           |    21 |    15 ||    36
       Tailslap          |     3 |     3 ||     6
 Cast: Magic Dart        |    37 |    27 ||    64
       Searing Ray       |    14 |    19 ||    33
       Iskenderun's Myst |       |     1 ||     1
  Use: Scroll            |     1 |     5 ||     6
       Potion            |       |     3 ||     3
  Eat: Chunk             |     4 |     5 ||     9
Armor: Skin              |     7 |    24 ||    31
Dodge: Dodged            |    20 |    32 ||    52
